 Dungeon Crawl Stone Soup version 0.28-a0-1429-gf3d713df7a (webtiles) character file.

Game seed: 7853109476499531328

64 HallandMoats the Skirmisher (level 3, 0/29 HPs)
             Began as a Demonspawn Fighter on Jan 9, 2022.
             Was a Follower of Dithmenos.
             Succumbed to an adder's poison
             ... on level 2 of the Dungeon.
             The game lasted 00:00:48 (971 turns).

HallandMoats the Skirmisher (Demonspawn Fighter)     Turns: 971, Time: 00:00:49

Health: 0/29       AC:  6    Str: 18    XL:     3   Next: 91%
Magic:  3/3        EV:  9    Int:  9    God:    Dithmenos [*.....]
Gold:   84         SH:  4    Dex: 12    Spells: 2/2 levels left

rFire   . . .      SeeInvis .   a - +0 war axe
rCold   . . .      Faith    .   c - +0 buckler
rNeg    . . .      Spirit   .   b - +0 scale mail
rPois   .          Reflect  .   (no helmet)
rElec   .          Harm     .   (no cloak)
rCorr   .          Rampage  .   (no gloves)
Will    .....                   (no boots)
Stlth   ..........              (no amulet)
HPRegen 0.09/turn               (no ring)
MPRegen 0.08/turn               (no ring)

@: lethally poisoned (0 -> -3), wreathed by umbra
A: claws 1, ignite blood 1
a: Renounce Religion


You were on level 2 of the Dungeon.
You worshipped Dithmenos.
Dithmenos was aware of your devotion.
You visited 1 branch of the dungeon, and saw 2 of its levels.

You collected 84 gold pieces.

Inventory:

Hand Weapons
 a - a +0 war axe (weapon)
Armour
 b - a +0 scale mail (worn)
 c - a +0 buckler (worn)
Jewellery
 g - a ring of poison resistance
Scrolls
 e - a scroll of immolation {unknown}
 f - a scroll of brand weapon {unknown}
 h - a scroll of identify {unknown}
 j - a scroll of amnesia {unknown}
 k - a scroll of teleportation {unknown}
 l - a scroll of enchant armour {unknown}
Potions
 d - a potion of might
 i - a potion of heal wounds {unknown}
 m - a potion of curing {unknown}


   Skills:
 + Level 3.3 Fighting
 + Level 2.2 Axes
 + Level 3.0 Armour
 + Level 1.1 Dodging
 * Level 3.3 Shields


You had 2 spell levels left.
You didn't know any spells.
Your spell library contained the following spells:

 Spells                   Type           Power      Damage    Failure   Level
 Animate Skeleton         Necr           0%         N/A       86%         1
 Pain                     Necr           0%         1d4       86%         1
 Vampiric Draining        Necr           0%         2d6       99%         3


Dungeon Overview and Level Annotations

Branches:
Dungeon (2/15)

Altars:
Dithmenos


Innate Abilities, Weirdness & Mutations

You have sharp fingernails.
Your demonic aura sometimes causes spilled blood to erupt in flames.


Message History

A hobgoblin comes into view.
The hobgoblin shouts!
A kobold, an ogre and a dart slug come into view.
The kobold shouts!
You hear an angry hiss.
There are monsters nearby!
An adder and an endoplasm come into view.
The endoplasm quivers.
A kobold comes into view. It is wielding a +0 dagger.
You see here a +0 morningstar.
There are monsters nearby!
The kobold shouts!
A bat comes into view.
The hobgoblin hits you but does no damage.
There are monsters nearby!
You barely miss the hobgoblin.
The hobgoblin hits you but does no damage.
There are monsters nearby!
You hit the ogre.
The ogre is lightly wounded.
You barely miss the hobgoblin.
The ogre hits you with a +0 giant club!!
Ouch! That really hurt!
* * * LOW HITPOINT WARNING * * *
The hobgoblin hits you.
* * * LOW HITPOINT WARNING * * *
The adder bites you but does no damage. The hobgoblin barely misses you.
The ogre barely misses you.
The endoplasm jiggles.
The adder misses you.
You see here a +0 morningstar.
You block the adder's attack. The adder closely misses you.
The adder closely misses you. The adder bites you.
* * * LOW HITPOINT WARNING * * *
You are lethally poisoned!
The adder poisons you!
* * * LOW HITPOINT WARNING * * *
You feel sick.
You die...

#...#+## ####.
#......#####....
#......J..KbJ)..
##.....#####O...
#.....# ####.
#..K..# # #.b...#
#####.....# #
#.@.S....##.#
#.#########.# #.#
#.#.....# # #.#
#.......#.#
#.###.#.#.#.#.##.
#.#.......#....(.
#.#.#.#..........
#.#.#.#..†.......
#.###.#...†......


You could see an adder.

Vanquished Creatures
  4 gnolls (D:2)
  2 dart slugs (D:1)
  A ball python (D:1)
  3 endoplasms
  A hobgoblin (D:1)
  3 bats
  5 frilled lizards
  A goblin (D:1)
  4 kobolds
  2 rats (D:2)
26 creatures vanquished.

Notes
Turn   | Place    | Note
-------+----------+-------------------------------------------
     0 | D:1      | HallandMoats the Demonspawn Fighter began the quest for the
                  | Orb.
     0 | D:1      | Reached XP level 1. HP: 18/18 MP: 1/1
    83 | D:1      | Found a faded altar of an unknown god.
   248 | D:1      | Gained mutation: Your demonic aura sometimes causes spilled
                  | blood to erupt in flames. [demonic ancestry]
   248 | D:1      | Reached XP level 2. HP: 20/24 MP: 2/2
   629 | D:1      | Prayed at the altar of an unknown god.
   629 | D:1      | Became a worshipper of Dithmenos the Shadowed
   629 | D:1      | Reached * piety under Dithmenos
   656 | D:2      | Gained mutation: You have sharp fingernails. [demonic
                  | ancestry]
   656 | D:2      | Reached XP level 3. HP: 18/29 MP: 3/3
   663 | D:2      | Reached skill level 1 in Dodging
   952 | D:2      | Noticed an ogre
   970 | D:2      | HP: 1/29 [poisoned by an adder]
   971 | D:2      | Succumbed to an adder's poison

Illustrated notes

Levels and vault maps discovered:
D:1:      scummos_arrival_simple_fountains, layout_rooms,
          ebering_ecumenical_altar_hall, minmay_pentomino_p2
D:2:      minmay_general_purpose_star, layout_basic, basic_altar,
          kennysheep_generic_room_16, uniq_terence

Skill      XL: |  1  2  3 |
---------------+----------+-----
Shields        | 3 |  3.3
Axes           | 2 |  2.2
Armour         | 3 |  3.0
Dodging        | 1 |  1.1
Fighting       | |  3.3

Action                   || total
-------------------------++-------
Melee: War axe           ||    70
Armor: Scale mail        ||    27
Dodge: Dodged            ||    42
Block: Buckler           ||    26

Table legend: (Time is in decaauts)
 A = Elapsed time spent in this place.
 B = Non-inter-level travel time spent in this place.
 C = Inter-level travel time spent in this place.
 D = Time resting spent in this place.
 E = Time spent auto-exploring this place.
 F = Levels seen in this place.
 G = Mean time per level.
                   A        B        C        D        E       F      G
               +--------+--------+--------+--------+--------+-----+--------+
         Total |   1001 |    971 |     30 |      0 |    780 |   2 |  500.5 |
       Dungeon |   1001 |    971 |     30 |      0 |    780 |   2 |  500.5 |
               +--------+--------+--------+--------+--------+-----+--------+

Top non-repeatable levels by time:
     D:1: 665 daAuts
     D:2: 336 daAuts
